 Dungeon Crawl Stone Soup version 0.17-a0-2208-ge5ab1d3 (webtiles) character file.

116 beardedkeet the Conjurer (level 5, -6/36 HPs)
             Began as a Human Conjurer on Oct 26, 2015.
             Was an Initiate of Nemelex Xobeh.
             Mangled by a wight
             ... wielding a cursed +0 dagger
              (7 damage)
             ... on level 3 of the Dungeon.
             The game lasted 00:25:45 (1613 turns).

beardedkeet the Conjurer (Human Conjurer)           Turns: 1613, Time: 00:25:47

Health: -6/36      AC:  2    Str:  9    XL:     5   Next: 21%
Magic:  1/8        EV: 12    Int: 16    God:    Nemelex Xobeh [......]
Gold:   74         SH:  0    Dex: 13    Spells: 2 memorised, 5 levels left

rFire  . . .     SeeInvis .     g - +1 short sword (drain)
rCold  . . .     Clarity  .     a - +0 robe
rNeg   . . .     SustAt   .     (no shield)
rPois  .         Gourm    .     (no helmet)
rElec  .         Spirit   .     (no cloak)
rCorr  .         Warding  .     (no gloves)
rMut   .         Stasis   .     (no boots)
MR     .....                    (no amulet)
Stlth  ++........               (no ring)
                                (no ring)

@: drained, not resistant to hostile enchantments, unstealthy
A: no striking features
a: Renounce Religion


You were on level 3 of the Dungeon.
You worshipped Nemelex Xobeh.
Nemelex Xobeh was noncommittal.
You were not hungry.

You visited 1 branch of the dungeon, and saw 3 of its levels.

You collected 74 gold pieces.

Inventory:

Hand Weapons
 g - a +1 short sword of draining (weapon)
 i - a +0 hunting sling
Armour
 a - a +0 robe (worn)
Jewellery
 j - a +4 ring of intelligence {unknown}
Scrolls
 f - a scroll of magic mapping
 n - 2 scrolls of identify {unknown}
Potions
 e - a potion of cancellation {unknown}
 h - a potion of mutation {unknown}
 l - a potion of resistance {unknown}
 o - a potion of curing {unknown}
 p - a potion of agility {unknown}
Books
 b - a book of Conjurations

   Spells                             Type                      Level
   a - Magic Dart                     Conjuration                  1
   b - Searing Ray                    Conjuration                  2
   c - Dazzling Spray                 Conjuration/Hexes            3
   d - Fulminant Prism                Conjuration/Hexes            4
   e - Iskenderun's Mystic Blast      Conjuration                  4
   f - Iskenderun's Battlesphere      Conjuration/Charms           5
Miscellaneous
 k - a plain deck of changes {drawn: 1}
 m - a plain deck of destruction {drawn: 7}
Comestibles
 c - 2 bread rations
 d - a meat ration


   Skills:
 + Level 0.6(0.3) Fighting
 + Level 1.1(0.7) Short Blades
 + Level 2.6(2.2) Dodging
 + Level 2.2(1.9) Stealth
 + Level 2.3(2.0) Spellcasting
 + Level 5.2(4.9) Conjurations


You had 5 spell levels left.
You knew the following spells:

 Your Spells              Type           Power        Failure   Level  Hunger
a - Magic Dart            Conj           ###.         3%          1    #......
b - Searing Ray           Conj           ###...       6%          2    ###....


Dungeon Overview and Level Annotations

Branches:
Dungeon (3/15)

Altars:
Nemelex Xobeh
Okawaru


Message History

Press: ? - help, Shift-Dir - straight line, f/p - wight
Aim: a wight, wielding a dagger and wearing a robe The acid hits the wight.
The acid corrodes the wight!
The wight is lightly damaged.
You offer a prayer to Nemelex Xobeh.
Nemelex Xobeh is noncommittal.
You offer a prayer to Nemelex Xobeh.
Nemelex Xobeh is noncommittal.
Evoke which item? (* to show all) (? for menu, Esc to quit)
You draw a card...
It is Vitriol.
You have drawn Vitriol.
Press: ? - help, Shift-Dir - straight line, f/p - wight
Aim: a wight, wielding a dagger and wearing a robe (lightly damaged, covered in acid)
The acid hits the wight.
The acid corrodes the wight!
The wight is severely damaged.
The wight hits you from afar with a spear.
* * * LOW HITPOINT WARNING * * *
The wight hits you with a dagger!
You die...
Your body disappears without a glow.

#.#.##.....#######
#.#.##...........#
#.#.##...(.##....#
#.#.##...........#
#.#'##W........o.#
#..............#.#
#.....z..#######(#
#.....z..#
#....a......
#.....@..#
#...........
#........#
#......ยง....
#........#
#####.....).
#..........
###.....
######...... .....
#........ .....
#........
#..)!....


You could see a phantom and 2 wights.

Vanquished Creatures
  A worker ant (D:3)
  3 adders
  2 oozes
  3 worms
  A giant gecko (D:3)
  3 orcs (D:3)
  6 bats
  A giant cockroach (D:3)
  A goblin (D:1)
  9 hobgoblins
  A quokka (D:2)
  3 giant newts (D:1)
  2 jackals (D:3)
  6 kobolds
  5 rats
47 creatures vanquished.

Vanquished Creatures (collateral kills)
  A hobgoblin (D:3)
  2 jackals (D:3)
  2 bats
5 creatures vanquished.

Grand Total: 52 creatures vanquished

Notes
Turn   | Place    | Note
--------------------------------------------------------------
     0 | D:1      | beardedkeet the Human Conjurer began the quest for the Orb.
     0 | D:1      | Reached XP level 1. HP: 13/13 MP: 3/3
   316 | D:1      | Reached XP level 2. HP: 17/19 MP: 5/5
   712 | D:1      | Reached XP level 3. HP: 24/24 MP: 4/6
   969 | D:2      | Found a sparkling altar of Nemelex Xobeh.
   982 | D:2      | Became a worshipper of Nemelex Xobeh the Trickster
  1130 | D:2      | Reached skill level 5 in Conjurations
  1134 | D:2      | Learned a level 2 spell: Searing Ray
  1137 | D:2      | Received a gift from Nemelex Xobeh
  1171 | D:2      | Reached XP level 4. HP: 30/30 MP: 7/7
  1190 | D:2      | Found an iron altar of Okawaru.
  1564 | D:3      | Noticed a phantom
  1590 | D:3      | Reached skill level 1 in Short Blades
  1590 | D:3      | Reached XP level 5. HP: 19/36 MP: 1/8
  1613 | D:3      | HP: 1/36 [wight/spear (5)]
  1613 | D:3      | Mangled by a wight

Vault maps used:
D:1:      dpeg_arrival_pits, hex_intersection, minmay_misc_feat_plants
D:2:      old_standard_altar, nemelex_deck, st_stairs_7
D:3:      vehumet_altar_wand_db, minitemple, uniq_jessica, uniq_grinder,
          uniq_robin

Action                   |  1- 3 |  4- 6 || total
-------------------------+-------+-------++-------
Melee: Unarmed           |     5 |       ||     5
       Short sword       |    32 |    28 ||    60
 Cast: Magic Dart        |    32 |    13 ||    45
Evoke: Deck              |     2 |     6 ||     8
  Use: Scroll            |     3 |       ||     3
 Stab: Sleeping          |     1 |     2 ||     3
  Eat: Bread ration      |     1 |       ||     1
